 Dungeon Crawl Stone Soup version 0.28.0-53-g5a82cb258f (webtiles) character file.

Game seed: 6155831079953409108

770 Platt the Cleaver (level 7, -6/58 HPs)
             Began as a Hill Orc Fighter on Aug 13, 2022.
             Killed from afar by a gargoyle (16 damage)
             ... with a stone arrow
             ... on level 5 of the Dungeon.
             The game lasted 00:11:22 (4854 turns).

Platt the Cleaver (Hill Orc Fighter)                Turns: 4854, Time: 00:11:22

Health: -6/58      AC: 12    Str: 21    XL:     7   Next: 83%
Magic:  7/7        EV:  7    Int:  8    God:
Gold:   104        SH:  5    Dex: 10    Spells: 6/6 levels left

rFire   . . .      SeeInvis .   a - +0 war axe
rCold   x . .      Faith    .   c - +1 buckler
rNeg    . . .      Spirit   .   h - +0 chain mail
rPois   +          Reflect  .   m - +1 helmet of Hospitality {rPois rC- Will+++}
rElec   .          Harm     .   (no cloak)
rCorr   .          Rampage  .   (no gloves)
Will    +++..                   b - +0 pair of boots
Stlth   ..........              d - amulet of magic regeneration
HPRegen 0.19/turn               (no ring)
MPRegen 0.50/turn               (no ring)

@: no status effects
A: no striking features
a: no special abilities


You were on level 5 of the Dungeon.
You visited 1 branch of the dungeon, and saw 5 of its levels.

You collected 104 gold pieces.

Inventory:

Hand Weapons
 a - a +0 war axe (weapon)
Missiles
 g - 139 stones (quivered)
Armour
 b - a +0 pair of boots (worn)
 c - a +1 buckler (worn)
 h - a +0 chain mail (worn)
 m - the +1 helmet of Hospitality (worn) {rPois rC- Will+++}
   (You took it off Robin on level 2 of the Dungeon)

   rC:        It makes you vulnerable to cold.
   rPois:     It protects you from poison.
   Will:      It greatly increases your willpower.
Jewellery
 d - an amulet of magic regeneration (around neck)
Wands
 l - a wand of paralysis (10)
Scrolls
 e - a scroll of enchant armour
 i - a scroll of enchant weapon {unknown}
 n - a scroll of teleportation
 r - a scroll of brand weapon {unknown}
 s - a scroll of magic mapping {unknown}
Potions
 f - 2 potions of heal wounds
 j - a potion of haste {unknown}
 k - 3 potions of invisibility
 o - a potion of brilliance
 p - a potion of might
 q - 3 potions of curing {unknown}
 t - a potion of berserk rage {unknown}
 u - a potion of flight {unknown}


   Skills:
 - Level 3.9 Fighting
 + Level 11.0 Axes
 - Level 3.5 Armour
 - Level 3.5 Shields


You had 6 spell levels left.
You didn't know any spells.
Your spell library was empty.

Dungeon Overview and Level Annotations

Branches:
Dungeon (5/15)
 Temple: D:4-7

Altars:

Shops:
D:3 (*(


Message History

A gargoyle comes into view. It is wielding a +0 morningstar.
You see here a scroll of fog.
Throw: 141 stones
Press: ? - help, Q - select action, (/) - cycle Shift-Dir - straight line, f - gargoyle
Aim: a gargoyle, wielding a +0 morningstar (72% to hit)
You throw a stone.
The stone hits the gargoyle but does no damage.
The gargoyle hurls a stone arrow at you.
The stone arrow hits you!!
Throw: 140 stones
Press: ? - help, Q - select action, (/) - cycle Shift-Dir - straight line, f/p - gargoyle
Aim: a gargoyle, wielding a +0 morningstar (72% to hit)
You throw a stone. The stone barely misses the gargoyle.
The gargoyle hurls a stone arrow at you.
The stone arrow hits you!
* * * LOW HITPOINT WARNING * * *
You see here a scroll of fog.
You hit the gargoyle.
The gargoyle is moderately damaged.
The gargoyle hurls a stone arrow at you.
The stone arrow misses you.
You slash the gargoyle!
The gargoyle is severely damaged.
You block the gargoyle's attack.
You hit the gargoyle but do no damage.
The gargoyle is severely damaged.
The gargoyle closely misses you.
You hit the gargoyle but do no damage.
The gargoyle is severely damaged.
The gargoyle barely misses you.
You hit the gargoyle.
The gargoyle is almost destroyed.
The gargoyle hurls a stone arrow at you.
The stone arrow hits you!
* * * LOW HITPOINT WARNING * * *
You hit the gargoyle but do no damage.
The gargoyle is almost destroyed.
The gargoyle hurls a stone arrow at you.
The stone arrow hits you!
You die...

#...............
#.............(.
#(.............
#............#
#...........#
#.........(#
#........9#
#......@#
#......##
##....## #...##
##.†# ##.# #.##
#####.#
###.....#


You could see a gargoyle.

Vanquished Creatures
  A water moccasin (D:5)
  A necrophage (D:5)
  2 ogres
  A howler monkey (D:5)
  3 hounds
  An orc priest (D:3)
  A jelly (D:4)
  An iguana (D:3)
  An orc wizard (D:4)
  Robin (D:2)
  4 adders
  A white imp (D:5)
  An ufetubus (D:2)
  3 worms
  5 dart slugs
  6 orcs
  8 ball pythons
  3 bats
  5 endoplasms
  3 giant cockroaches
  14 goblins
  9 hobgoblins
  4 jackals (D:1)
  4 quokkas
  2 frilled lizards (D:3)
  9 kobolds
  4 rats
98 creatures vanquished.

Notes
Turn   | Place    | Note
-------+----------+-------------------------------------------
     0 | D:1      | Platt the Hill Orc Fighter began the quest for the Orb.
     0 | D:1      | Reached XP level 1. HP: 19/19 MP: 1/1
   207 | D:1      | Reached skill level 3 in Axes
   223 | D:1      | Reached XP level 2. HP: 26/27 MP: 2/2
   493 | D:1      | Found a faded altar of an unknown god.
   499 | D:1      | Reached XP level 3. HP: 32/33 MP: 3/3
  1055 | D:1      | Reached skill level 4 in Axes
  1730 | D:2      | Reached skill level 5 in Axes
  1730 | D:2      | Reached XP level 4. HP: 36/40 MP: 4/4
  2300 | D:2      | Identified the +1 helmet of Hospitality {rPois rC- Will+++}
  2300 | D:2      | Noticed Robin
  2325 | D:2      | Killed Robin
  2326 | D:2      | Reached skill level 6 in Axes
  2326 | D:2      | Reached XP level 5. HP: 46/46 MP: 5/5
  2543 | D:3      | Found Nekue's Weapon Shoppe.
  2713 | D:3      | Found Ato Tapt's Antique Weapon Emporium.
  2823 | D:3      | Reached skill level 7 in Axes
  3141 | D:3      | Identified the +0 ring mail "Pueho" {Harm rElec rC- Stlth+}
  3169 | D:3      | Found Unoph's General Store.
  3276 | D:3      | Reached XP level 6. HP: 52/52 MP: 6/6
  3480 | D:4      | Reached skill level 8 in Axes
  3838 | D:4      | Reached skill level 9 in Axes
  4001 | D:4      | Reached XP level 7. HP: 57/58 MP: 7/7
  4230 | D:5      | Entered Level 5 of the Dungeon
  4380 | D:5      | Reached skill level 10 in Axes
  4807 | D:5      | Reached skill level 11 in Axes
  4843 | D:5      | Noticed a gargoyle
  4854 | D:5      | Killed from afar by a gargoyle

Illustrated notes

Levels and vault maps discovered:
D:1:      scummos_arrival_gate, layout_basic, nicolae_ecumenical_snake_handling,
          nicolae_wormholes
D:2:      layout_basic, uniq_robin
D:3:      layout_loops_ring, serial_shops, nicolae_shop_bloodbath_and_beyond,
          nicolae_shop_temple_entry_statues_fountains, nicolae_shop_waterfront
D:4:      layout_gridville
D:5:      layout_cave_pods

Skill      XL: |  1  2  3  4  5  6  7 |
---------------+----------------------+-----
Axes           | 3 5 6 7 9 11 | 11.0
Fighting       | |  3.9
Armour         | |  3.5
Shields        | |  3.5

Action                   |  1- 3 |  4- 6 |  7- 9 || total
-------------------------+-------+-------+-------++-------
Melee: War axe           |   115 |   156 |    43 ||   314
Throw: Stone             |     9 |    15 |     2 ||    26
  Use: Scroll            |       |    10 |     1 ||    11
       Potion            |       |     1 |       ||     1
Armor: Scale mail        |    22 |       |       ||    22
       Chain mail        |    50 |    95 |    10 ||   155
Dodge: Dodged            |    42 |    48 |    11 ||   101
Block: Buckler           |    36 |    28 |    14 ||    78
